 Dungeon Crawl Stone Soup version 0.31-a0-187-gba352fbbf7 (webtiles) character file.

Game seed: 12018222001203098799

734 qw the Skirmisher (level 7, -1/40 HPs)
             Began as a Deep Elf Hunter on June 22, 2023.
             Succumbed to a water moccasin's poison
             ... on level 5 of the Dungeon.
             The game lasted 00:01:32 (3709 turns).

qw the Skirmisher (Deep Elf Hunter)                 Turns: 3709, Time: 00:01:32

Health: -1/40      AC:  4    Str:  9 (10) XL:     7   Next: 45%
Magic:  9/9        EV: 13    Int: 12 (14) God:
Gold:   203        SH:  0    Dex: 16 (18) Spells: 6/6 levels left

rFire   . . .        n - +0 orcbow
rCold   + . .        (shield currently unavailable)
rNeg    . . .        c - +0 leather armour
rPois   .            (no helmet)
rElec   .            e - +0 cloak
rCorr   +            (no gloves)
SInv    .            (no boots)
Will    .....        (no amulet)
Stlth   ++           k - ring of resist corrosion
HPRegen 0.26/turn    i - ring of protection from cold
MPRegen 0.11/turn

%: no passive effects
@: lethally poisoned (-1 -> -17)
A: no striking features
a: no special abilities


You were on level 5 of the Dungeon.
You visited 1 branch of the dungeon, and saw 5 of its levels.

You collected 203 gold pieces.


   Skills:
 - Level 2.0 Fighting
 + Level 11.2 Ranged Weapons
 - Level 4.0 Dodging
 - Level 1.2 Stealth


You had 6 spell levels left.
You didn't know any spells.
Your spell library was empty.

Inventory:

Hand Weapons
 n - a +0 orcbow (weapon)
Armour
 c - a +0 leather armour (worn)
 e - a +0 cloak (worn)
 g - a +0 ring mail
Jewellery
 d - a ring of fire
 i - a ring of protection from cold (right hand)
 j - a ring of positive energy
 k - a ring of resist corrosion (left hand)
 p - a ring of poison resistance
Scrolls
 l - 4 scrolls of identify
Potions
 a - a potion of resistance
 f - a potion of cancellation
 m - a potion of mutation
 o - a potion of enlightenment

Dungeon Overview and Level Annotations

Branches:
Dungeon (5/15)
 Temple: D:4-7

Altars:
Ashenzari
Dithmenos
Fedhas
Qazlal
Trog
Yredelemnul

Shops:
D:3 :


Message History

Enter note:
Enter note:
Enter note:
Enter note:
Enter note:
Enter note: You shoot an arrow.
The arrow closely misses the water moccasin.
You shoot an arrow. The arrow misses the water moccasin.
You shoot an arrow. The arrow hits the water moccasin.
The water moccasin is lightly wounded.
You shoot an arrow.
The arrow completely misses the water moccasin.
The water moccasin bites you but does no damage.
You shoot an arrow. The arrow hits the water moccasin!
The water moccasin is heavily wounded.
The water moccasin bites you. The water moccasin bites you!
You are poisoned.
The water moccasin poisons you!
You shoot an arrow. The arrow misses the water moccasin.
You feel very sick. The water moccasin barely misses you.
You shoot an arrow.
The arrow hits the water moccasin but does no damage.
The water moccasin is moderately wounded.
You feel very sick. The water moccasin bites you!
You are lethally poisoned!
The water moccasin poisons you!
You shoot an arrow. The arrow hits the water moccasin.
The water moccasin is heavily wounded.
You feel very sick. The water moccasin misses you.
The water moccasin bites you!
You shoot an arrow.
The arrow closely misses the water moccasin.
You feel very sick.
The water moccasin completely misses you.
You shoot an arrow.
The arrow closely misses the water moccasin.
You die...

.### ###....#.##)#####... ###
#......)..##...... ..#
######.#####.##.## #.# #.#
#.##.# #.# #.# #.##.# #.# .# #.#
#.##.# ..# .##### #.# #.##.##
### #.#...########.# #...... #
........S@.....# ####.## ##
.......##.####### #.##
.######...# #. #...
.....##%.##.# #. ### ### ###
#.## .##.........#
#.##.###.#7#_###.# ####.##..####
#.#..#.#.#.#.8##.#
####..######.#_.............#
#######.........##.......)...###
.........########8.#.#.#.#.8##


You could see a water moccasin.

Vanquished Creatures
  Sigmund (D:4)
  Edmund (D:4)
  A centaur (D:5)
  3 orc priests (D:5)
  A jelly (D:3)
  A sleepcap (D:5)
  Ijyb (D:5)
  2 iguanas
  An orc wizard (D:5)
  4 adders
  A white imp (D:5)
  An ufetubus (D:5)
  2 worms (D:2)
  4 dart slugs
  9 orcs
  5 endoplasms
  3 giant cockroaches
  6 goblins
  11 hobgoblins
  3 kobolds
  5 ball pythons
  2 bats
  3 frilled lizards
  6 rats
77 creatures vanquished.

Notes
Turn   | Place    | Note
-------+----------+-------------------------------------------
     0 | D:1      | qw the Deep Elf Hunter began the quest for the Orb.
     0 | D:1      | Reached XP level 1. HP: 12/12 MP: 3/3
     0 | D:1      | 0 ||| qw: Version: 0.3-a-9-g12657ce
     0 | D:1      | 0 ||| qw: Game counter: 2517
     0 | D:1      | 0 ||| qw: Always use a shield: true
     0 | D:1      | 0 ||| qw: God list: Okawaru
     0 | D:1      | 0 ||| qw: Allow faded altars: false
     0 | D:1      | 0 ||| qw: Do Orc after D:15 true
     0 | D:1      | 0 ||| qw: Do second Lair branch before Depths: true
     0 | D:1      | 0 ||| qw: Lair rune preference: random
     0 | D:1      | 0 ||| qw: Plans: Normal
     0 | D:1      | 0 ||| PLANNING D:1-11
   154 | D:1      | Reached XP level 2. HP: 16/16 MP: 4/4
   221 | D:1      | Reached skill level 6 in Ranged Weapons
   519 | D:1      | 519 ||| UPGRADING to ring of positive energy.
   520 | D:1      | 520 ||| READING scroll labelled YTTEOS HUSOXZU.
   521 | D:1      | 521 ||| READING scroll labelled XIWNIZ JECHENI.
   522 | D:1      | 522 ||| READING scroll labelled FOROIS ICVISM.
   526 | D:1      | 526 ||| READING scroll labelled HOHEOZX MIACUSU.
   527 | D:1      | 527 ||| DROPPING scroll of butterflies.
   550 | D:2      | Identified the +2 long sword of Tadygg {holy, rPois rF- rN+
                  | rCorr}
   634 | D:2      | Found a blossoming altar of Fedhas.
   694 | D:2      | Reached XP level 3. HP: 20/20 MP: 5/5
   699 | D:2      | Identified the +8 dagger of Unreason {vamp, +Blink Fly
                  | Will++ Str-2}
   748 | D:2      | 748 ||| READING scroll of enchant weapon.
   748 | D:2      | 748 ||| ENCHANTING +1 shortbow.
   957 | D:2      | 957 ||| UPGRADING to +0 cloak.
   962 | D:2      | 962 ||| UPGRADING to ring of protection from cold.
   963 | D:2      | 963 ||| UPGRADING to ring of resist corrosion.
   965 | D:2      | 965 ||| READING scroll labelled QEGABA ENIFU.
   966 | D:2      | 966 ||| READING scroll labelled ZICITHR SEMI.
   967 | D:2      | 967 ||| READING 2 scrolls labelled VEUF SAKUFUGO.
   968 | D:2      | 968 ||| DRINKING 2 black potions.
   969 | D:2      | 969 ||| DRINKING 2 emerald potions.
   970 | D:2      | 970 ||| DROPPING scroll of revelation.
  1235 | D:3      | Reached skill level 7 in Ranged Weapons
  1235 | D:3      | Reached XP level 4. HP: 25/25 MP: 6/6
  1236 | D:3      | Found Oploesola's Book Shop.
  1270 | D:3      | HP: 6/25 [orc/+0 trident (5)]
  1271 | D:3      | 1271 ||| READING 2 scrolls of teleportation.
  1273 | D:3      | 1273 ||| DRINKING potion of heal wounds.
  1483 | D:3      | Found a faded altar of an unknown god.
  1682 | D:3      | 1682 ||| READING scroll labelled FOUM PIGHAPT.
  1683 | D:3      | 1683 ||| READING 4 scrolls labelled YTEIVO VEAB.
  1684 | D:3      | 1684 ||| READING 5 scrolls of identify.
  1684 | D:3      | 1684 ||| IDENTIFYING metallic inky potion
  1685 | D:3      | 1685 ||| READING 4 scrolls of identify.
  1685 | D:3      | 1685 ||| IDENTIFYING murky purple potion
  1686 | D:3      | 1686 ||| READING 3 scrolls of identify.
  1686 | D:3      | 1686 ||| IDENTIFYING silvery potion
  1687 | D:3      | 1687 ||| DROPPING 3 scrolls of blinking.
  1688 | D:3      | 1688 ||| DROPPING potion of lignification.
  1717 | D:4      | Reached skill level 8 in Ranged Weapons
  1865 | D:4      | Found a stormy altar of Qazlal.
  1887 | D:4      | 1887 ||| READING scroll of brand weapon.
  1887 | D:4      | 1887 ||| BRANDING +2 shortbow of flaming.
  2103 | D:4      | Noticed Sigmund
  2115 | D:4      | Killed Sigmund
  2116 | D:4      | Reached skill level 9 in Ranged Weapons
  2116 | D:4      | Reached XP level 5. HP: 29/29 MP: 7/7
  2116 | D:4      | Reached XP level 6. HP: 34/34 MP: 8/8
  2133 | D:4      | Noticed Edmund
  2141 | D:4      | Killed Edmund
  2357 | D:4      | 2357 ||| READING 5 scrolls of identify.
  2357 | D:4      | 2357 ||| IDENTIFYING amethyst potion
  2358 | D:4      | 2358 ||| READING 4 scrolls of identify.
  2358 | D:4      | 2358 ||| IDENTIFYING cyan potion
  2359 | D:4      | 2359 ||| READING 3 scrolls of identify.
  2359 | D:4      | 2359 ||| IDENTIFYING sedimented purple potion
  2360 | D:4      | 2360 ||| DROPPING potion of invisibility.
  2392 | D:5      | Entered Level 5 of the Dungeon
  2393 | D:5      | 2393 ||| PLANNING OSSUARY
  2562 | D:5      | 2562 ||| Stepping ~*~*~tactically~*~*~ (outnumbered).
  2564 | D:5      | 2564 ||| Stepping ~*~*~tactically~*~*~ (outnumbered).
  2566 | D:5      | 2566 ||| Stepping ~*~*~tactically~*~*~ (outnumbered).
  2568 | D:5      | 2568 ||| Stepping ~*~*~tactically~*~*~ (outnumbered).
  2570 | D:5      | 2570 ||| Stepping ~*~*~tactically~*~*~ (outnumbered).
  2578 | D:5      | Reached skill level 10 in Ranged Weapons
  2580 | D:5      | 2580 ||| FLEEEEING.
  2581 | D:5      | 2581 ||| FLEEEEING.
  2582 | D:5      | 2582 ||| FLEEEEING.
  2583 | D:5      | 2583 ||| FLEEEEING.
  2584 | D:5      | 2584 ||| FLEEEEING.
  2585 | D:5      | 2585 ||| FLEEEEING.
  2586 | D:5      | 2586 ||| FLEEEEING.
  2587 | D:5      | 2587 ||| FLEEEEING.
  2588 | D:5      | 2588 ||| FLEEEEING.
  2589 | D:5      | 2589 ||| FLEEEEING.
  2590 | D:5      | 2590 ||| FLEEEEING.
  2591 | D:5      | 2591 ||| STAIRDANCE
  2625 | D:4      | 2625 ||| DRINKING 2 green potions.
  2626 | D:4      | 2626 ||| READING 2 scrolls of identify.
  2626 | D:4      | 2626 ||| IDENTIFYING fuming puce potion
  2627 | D:4      | 2627 ||| DROPPING potion of degeneration.
  2628 | D:4      | 2628 ||| DROPPING potion of magic.
  2642 | D:5      | Reached XP level 7. HP: 26/40 MP: 9/9
  2905 | D:5      | 2905 ||| SWAPPING to +0 orcbow.
  2916 | D:5      | HP: 10/40 [poisoned by a water moccasin]
  2917 | D:5      | 2917 ||| READING 2 scrolls of teleportation.
  2917 | D:5      | HP: 3/40 [water moccasin (6)]
  2918 | D:5      | 2918 ||| DRINKING 2 potions of heal wounds.
  2919 | D:5      | Noticed Ijyb
  2922 | D:5      | 2922 ||| READING scroll of teleportation.
  2922 | D:5      | HP: 5/40 [poisoned by a water moccasin]
  2923 | D:5      | 2923 ||| DRINKING potion of heal wounds.
  2931 | D:5      | HP: 7/40 [white imp/puff of frost (4)]
  3056 | D:5      | 3056 ||| DROPPING +2 shortbow of electrocution.
  3079 | D:5      | Killed Ijyb
  3080 | D:5      | Reached skill level 11 in Ranged Weapons
  3096 | D:5      | 3096 ||| RIP OSSUARY
  3110 | D:5      | 3110 ||| PLANNING D:1-11
  3327 | D:5      | 3327 ||| DRINKING potion of curing.
  3327 | D:5      | 3327 ||| (to cure confusion)
  3333 | D:5      | 3333 ||| FLEEEEING.
  3334 | D:5      | 3334 ||| FLEEEEING.
  3335 | D:5      | 3335 ||| FLEEEEING.
  3336 | D:5      | 3336 ||| FLEEEEING.
  3337 | D:5      | 3337 ||| FLEEEEING.
  3338 | D:5      | 3338 ||| FLEEEEING.
  3344 | D:5      | 3344 ||| FLEEEEING.
  3345 | D:5      | 3345 ||| FLEEEEING.
  3346 | D:5      | 3346 ||| FLEEEEING.
  3356 | D:5      | 3356 ||| FLEEEEING.
  3357 | D:5      | 3357 ||| FLEEEEING.
  3358 | D:5      | 3358 ||| FLEEEEING.
  3359 | D:5      | 3359 ||| FLEEEEING.
  3360 | D:5      | 3360 ||| FLEEEEING.
  3361 | D:5      | 3361 ||| FLEEEEING.
  3362 | D:5      | 3362 ||| FLEEEEING.
  3363 | D:5      | 3363 ||| FLEEEEING.
  3364 | D:5      | 3364 ||| FLEEEEING.
  3365 | D:5      | 3365 ||| FLEEEEING.
  3366 | D:5      | 3366 ||| FLEEEEING.
  3368 | D:5      | 3368 ||| FLEEEEING.
  3370 | D:5      | 3370 ||| FLEEEEING.
  3371 | D:5      | 3371 ||| FLEEEEING.
  3372 | D:5      | 3372 ||| FLEEEEING.
  3385 | D:5      | HP: 6/40 [orc/+0 war axe (7)]
  3386 | D:5      | 3386 ||| DRINKING potion of heal wounds.
  3601 | D:5      | Found a broken altar of Ashenzari.
  3606 | D:5      | Found a basalt altar of Yredelemnul.
  3609 | D:5      | Found a shadowy altar of Dithmenos.
  3611 | D:5      | Found a bloodstained altar of Trog.
  3707 | D:5      | HP: 6/40 [water moccasin (8)]
  3708 | D:5      | HP: 2/40 [poisoned by a water moccasin]
  3709 | D:5      | Succumbed to a water moccasin's poison

Levels and vault maps discovered:
D:1:      minmay_arrival_doors, layout_loops_cross
D:2:      layout_rooms, basic_altar
D:3:      layout_basic, serial_shops, shop, shapermc_ecumenical_altar_petra
D:4:      layout_cave_pools, nicolae_qazlal_general_emergency,
          minmay_misc_feat_x, sigmund_edmund_badplayer
D:5:      cheibrodos_quashed, layout_loops_corners, minitemple,
          nicolae_ossuary_entry_false_entrances, uniq_ijyb

Skill      XL: |  1  2  3  4  5  6  7 |
---------------+----------------------+-----
Ranged Weapons | 6 7 9 10 11 | 11.2
Dodging        | 4 |  4.0
Fighting       | 2 |  2.0
Stealth        | |  1.2

Action                     |  1- 3 |  4- 6 |  7- 9 || total
---------------------------+-------+-------+-------++-------
   Fire: Shortbow          |    60 |   101 |    12 ||   173
         Orcbow            |       |       |    72 ||    72
    Use: Scroll            |     8 |    11 |     2 ||    21
         Potion            |     2 |     2 |     4 ||     8
 Armour: Leather armour    |     1 |     5 |     4 ||    10
  Dodge: Dodged            |     1 |    40 |    20 ||    61

Table legend:
 A = Non-vault XP
 B = Vault XP
 C = Vault XP percentage of total XP
 D = Non-vault monster count
 E = Vault monster count
 F = Vault count percentage of total count
                 A         B        C        D         E       F
            +---------+---------+-------+---------+---------+-------
      Total |     617 |     432 |  41.2 |      74 |       3 |   3.9
            +---------+---------+-------+---------+---------+-------
        D:1 |      22 |       0 |   0.0 |      12 |       0 |   0.0
        D:2 |      28 |       0 |   0.0 |      13 |       0 |   0.0
        D:3 |      73 |       0 |   0.0 |      17 |       0 |   0.0
        D:4 |      69 |     396 |  85.2 |      13 |       2 |  13.3
        D:5 |     425 |      36 |   7.8 |      19 |       1 |   5.0
            +---------+---------+-------+---------+---------+-------
